Map: Catalyst LE

Players

Dessa - Winner!

  • Race: Zerg Zerg
  • League: Diamond
  • Spawn Location: 5:00

iliaSilver

  • Race: Protoss Protoss
  • League: Diamond
  • Spawn Location: 11:00

VOD

Have the link to the VOD?

Description

Time

  • Played on: Dec. 10, 2017, 12:07 p.m.
  • Length: 9:58
Show
View Real Time Build Order
Export as new Build Order

Dessa Zerg - Winner!

Build Orders: Hatch First 

Get SALT Encoding   

  12  0:01  Drone  
  13  0:13  Overlord  
  13  0:20  Drone  
  14  0:31  Drone x2  
  14  0:35  Drone  
  17  0:54  Hatchery  
  16  0:58  Drone  
  17  1:12  Spawning Pool  
  17  1:15  Drone  
  17  1:19  Extractor  
  17  1:20  Drone  
  17  1:25  Drone  
  18  1:29  Drone  
  19  1:40  Overlord  
  19  2:01  Queen  
  21  2:09  Hatchery  
  21  2:13  Drone  
  22  2:15  Drone  
  22  2:25  Queen  
  24  2:30  Drone  
  24  2:33  Drone  
  24  2:36  Drone  
  27  2:42  Metabolic Boost  
  27  2:45  Zergling x2  
  27  2:49  Drone  
  29  2:53  Drone  
  29  2:54  Drone  
  29  2:57  Drone  
  32  3:04  Queen  
  34  3:11  Drone  
  34  3:12  Overlord  
  35  3:16  Drone  
  36  3:21  Extractor  
  36  3:22  Queen  
  37  3:27  Drone  
  37  3:30  Drone x2  
  40  3:49  Drone  
  40  3:50  Drone x2  
  40  3:55  Drone x3, Overlord  
  46  3:56  Overlord, Roach Warren  
  44  4:15  Overlord  
  44  4:17  Overlord  
  44  4:21  Lair  
  44  4:22  Drone x3  
  47  4:26  Drone  
  47  4:27  Drone  
  47  4:28  Evolution Chamber  
  47  4:29  Drone, Extractor  
  47  4:30  Evolution Chamber  
  48  4:31  Drone, Extractor  
  47  4:52  Zergling x6  
  50  4:53  Zergling x2  
  50  4:54  Overlord  
  50  4:57  Zerg Ground Armor Level 1, Zerg Missile Weapons Level 1  
  50  4:59  Roach  
  55  5:00  Roach x2  
  57  5:11  Drone  
  57  5:12  Drone x3  
  57  5:13  Drone  
  62  5:25  Roach x3  
  68  5:35  Roach x2  
  72  5:38  Overlord x2  
  72  5:57  Roach x7  
  78  5:58  Roach  
  78  5:59  Glial Reconstitution  
  78  6:00  Overlord  
  78  6:02  Zergling x2  
  89  6:24  Roach x3  
  89  6:25  Roach  
  97  6:30  Overlord  
  97  6:52  Drone x4  
  97  6:53  Drone x2  
  103  6:54  Drone  
  103  6:55  Drone x2  
  103  6:57  Extractor  
  103  6:58  Extractor, Overlord x2  
  103  7:16  Roach x5  
  103  7:17  Roach x3  
  103  7:18  Zerg Missile Weapons Level 2  
  113  7:40  Roach x3  
  113  7:44  Roach  
  121  8:04  Roach  
  121  8:05  Roach x5  
  111  8:14  Roach x5  
  119  8:22  Roach x2  
  119  8:23  Overlord x2  
  119  8:24  Overlord  
  103  8:48  Roach  
  103  8:49  Roach x5  
  113  8:57  Roach  
  113  8:58  Roach x9  
  113  8:59  Roach  
  113  9:02  Roach x3  
  135  9:03  Roach  
  129  9:11  Roach x3  
  127  9:32  Extractor  
  127  9:33  Hatchery  
  123  9:43  Drone x3  
  123  9:44  Drone x3  
  123  9:45  Drone x3  
  132  9:46  Drone x4  
Show
View Real Time Build Order
Export as new Build Order

iliaSilver Protoss 

Build Orders: 1 Gate Expand, Zealot Archon 

Get SALT Encoding   

  12  0:00  Probe (Chrono Boost)  
  13  0:11  Probe (Chrono Boost)  
  14  0:17  Probe  
  15  0:23  Pylon  
  15  0:41  Probe, Gateway  
  16  0:53  Probe  
  16  0:55  Assimilator  
  17  1:08  Probe (Chrono Boost)  
  19  1:18  Probe (Chrono Boost)  
  19  1:23  Probe  
  20  1:28  Nexus  
  20  1:39  Cybernetics Core  
  20  1:46  Probe  
  21  1:49  Assimilator  
  21  1:59  Probe  
  22  2:09  Pylon  
  22  2:11  Probe  
  23  2:17  Warp Gate  
  23  2:20  Gateway  
  23  2:27  Adept  
  23  2:28  Probe (Chrono Boost)  
  27  2:39  Probe (Chrono Boost)  
  27  2:41  Probe (Chrono Boost)  
  29  2:48  Gateway  
  30  2:52  Probe (Chrono Boost)  
  30  2:53  Probe (Chrono Boost)  
  30  3:04  Probe x2  
  32  3:06  Forge  
  32  3:16  Probe (Chrono Boost)  
  34  3:24  Probe (Chrono Boost)  
  35  3:28  Probe (Chrono Boost)  
  35  3:30  Probe x2 (Chrono Boost)  
  35  3:31  Pylon  
  37  3:40  Probe, Protoss Ground Weapons Level 1 (Chrono Boost)  
  38  3:42  Probe  
  38  3:47  Pylon  
  39  3:53  Probe  
  39  3:54  Probe  
  39  3:55  Assimilator  
  41  3:58  Twilight Council  
  41  4:05  Probe, Gateway  
  42  4:19  Probe x2  
  42  4:20  Assimilator  
  44  4:31  Probe, Stalker  
  47  4:36  Charge (Chrono Boost)  
  47  4:46  Nexus  
  47  4:49  Stalker  
  49  4:54  Pylon  
  49  5:07  Templar Archives  
  49  5:11  Gateway  
  49  5:16  Photon Cannon  
  49  5:17  Gateway  
  49  5:20  Gateway  
  49  5:33  Forge  
  49  5:35  Adept x2  
  51  5:37  Protoss Ground Weapons Level 2 (Chrono Boost)  
  53  5:50  Probe  
  53  5:51  Probe  
  55  6:01  Zealot x3  
  55  6:03  Probe (Chrono Boost)  
  65  6:12  Probe (Chrono Boost)  
  65  6:13  High Templar x2  
  65  6:14  High Templar  
  65  6:15  Probe (Chrono Boost)  
  65  6:16  Probe (Chrono Boost)  
  65  6:17  Probe x2 (Chrono Boost)  
  65  6:18  Probe  
  74  6:20  Archon  
  74  6:22  High Templar  
  76  6:26  Pylon  
  76  6:28  Probe  
  76  6:30  Assimilator  
  77  6:33  Archon  
  77  6:34  Pylon  
  77  6:40  Protoss Ground Armor Level 1 (Chrono Boost)  
  77  6:44  Probe x3  
  80  6:49  Zealot x2  
  80  6:52  Zealot  
  80  6:53  Zealot x3  
  92  6:56  Probe, Pylon  
  92  7:00  Assimilator  
  93  7:11  Nexus  
  93  7:14  Probe x3  
  93  7:15  Zealot x2  
  100  7:22  Pylon  
  100  7:24  Pylon  
  100  7:26  Probe  
  85  7:43  Robotics Facility  
  85  7:46  Robotics Facility  
  85  7:50  Stalker x7  
  73  8:15  Stalker x7  
  81  8:38  Stalker x5  
  75  9:01  Stalker x5  
  75  9:10  Pylon  
  75  9:12  Pylon  
  64  9:36  High Templar x3  
  64  9:38  Zealot x2  
  68  9:41  Archon  
Tags
 
Add a new tag
Caveats
  • Supply blocks, unpowered buildings, or Contaminate may cause inaccurate times.
  • Supply counts are checked every 10 seconds.